Map: Psionic Temple

Players

Tesla - Winner!

  • Race: Protoss Protoss

Cingulate

  • Race: Terran Terran

VOD

Have the link to the VOD?

Description

Time

  • Played on: Sept. 18, 2016, 5:21 p.m.
  • Length: 9:27
Show
View Real Time Build Order
Export as new Build Order

Tesla Protoss - Winner!

Build Orders:  

Get SALT Encoding   

  12  0:01  Probe (Chrono Boost)  
  13  0:12  Probe (Chrono Boost)  
  14  0:18  Pylon  
  14  0:22  Probe (Chrono Boost)  
  15  0:36  Probe (Chrono Boost)  
  15  0:38  Gateway  
  16  0:44  Assimilator  
  16  0:47  Probe (Chrono Boost)  
  17  0:58  Probe (Chrono Boost)  
  18  1:07  Pylon  
  18  1:08  Probe (Chrono Boost)  
  19  1:19  Probe (Chrono Boost)  
  20  1:26  Cybernetics Core  
  20  1:29  Probe (Chrono Boost)  
  22  1:40  Probe (Chrono Boost)  
  22  1:45  Pylon  
  22  1:50  Probe (Chrono Boost)  
  23  2:07  Adept  
  23  2:08  Mothership Core (Chrono Boost)  
  27  2:23  Assimilator  
  27  2:24  Warp Gate  
  27  2:28  Nexus, Probe (Chrono Boost)  
  27  2:37  Adept  
  27  2:40  Probe (Chrono Boost)  
  31  2:52  Probe (Chrono Boost)  
  31  2:54  Gateway  
  31  3:01  Adept  
  33  3:06  Gateway  
  33  3:16  Probe (Chrono Boost)  
  34  3:21  Pylon  
  34  3:24  Adept  
  35  3:28  Probe (Chrono Boost)  
  35  3:32  Pylon  
  37  3:40  Probe (Chrono Boost)  
  38  3:49  Probe (Chrono Boost)  
  38  3:52  Assimilator, Probe (Chrono Boost)  
  40  3:57  Assimilator  
  40  3:59  Probe (Chrono Boost)  
  40  4:00  Adept  
  42  4:04  Probe (Chrono Boost)  
  44  4:10  Probe (Chrono Boost)  
  44  4:14  Adept  
  44  4:16  Probe (Chrono Boost)  
  48  4:20  Probe (Chrono Boost)  
  51  4:28  Probe (Chrono Boost)  
  52  4:42  Probe (Chrono Boost)  
  52  4:44  Probe (Chrono Boost)  
  51  5:03  Nexus  
  51  5:06  Assimilator  
  51  5:10  Assimilator, Probe (Chrono Boost)  
  51  5:11  Robotics Facility  
  53  5:14  Pylon  
  53  5:15  Probe (Chrono Boost)  
  53  5:17  Stalker  
  53  5:18  Sentry  
  53  5:20  Sentry  
  53  5:21  Probe (Chrono Boost)  
  60  5:27  Gateway  
  60  5:28  Probe (Chrono Boost)  
  61  5:29  Pylon  
  61  5:31  Probe (Chrono Boost)  
  62  5:38  Stalker  
  62  5:40  Probe (Chrono Boost)  
  62  5:42  Probe (Chrono Boost)  
  66  5:43  Stalker  
  66  5:47  Stalker  
  70  5:52  Probe (Chrono Boost)  
  70  5:53  Probe (Chrono Boost)  
  72  6:04  Stalker  
  74  6:08  Stalker  
  74  6:10  Warp Prism  
  78  6:18  Pylon  
  78  6:21  Probe (Chrono Boost)  
  78  6:22  Probe (Chrono Boost)  
  78  6:23  Pylon  
  78  6:24  Probe (Chrono Boost)  
  81  6:26  Pylon  
  81  6:31  Probe (Chrono Boost)  
  82  6:36  Probe (Chrono Boost)  
  82  6:37  Probe (Chrono Boost)  
  80  6:46  Observer  
  81  6:49  Stalker x4  
  89  7:07  Immortal, Gateway  
  93  7:09  Gateway  
  93  7:11  Pylon  
  93  7:12  Pylon  
  93  7:20  Adept x3  
  93  7:21  Adept  
  99  7:44  Stalker  
  99  7:47  Adept x2  
  99  7:49  Adept  
  85  8:06  Stalker  
  85  8:07  Stalker  
  85  8:12  Stalker  
  85  8:18  Adept x2  
  85  8:19  Adept  
  75  8:34  Stalker x2  
  79  8:42  Stalker x4  
  85  9:08  Stalker x6  
Show
View Real Time Build Order
Export as new Build Order

Cingulate Terran 

Build Orders: MMM Bio 

Get SALT Encoding   

  12  0:02  SCV  
  13  0:14  SCV  
  13  0:19  Supply Depot  
  14  0:30  SCV  
  15  0:42  Barracks  
  15  0:44  SCV  
  15  0:47  Refinery  
  16  0:56  SCV  
  17  1:08  SCV  
  18  1:20  SCV  
  19  1:32  Orbital Command, Reaper  
  20  1:48  Refinery  
  20  1:59  Engineering Bay  
  20  2:01  SCV  
  21  2:11  Barracks Reactor  
  21  2:13  SCV  
  21  2:16  Command Center  
  21  2:26  SCV  
  22  2:30  Barracks  
  22  2:38  SCV  
  22  2:40  Supply Depot  
  23  3:01  SCV, Marine x2  
  23  3:04  Factory  
  26  3:14  SCV  
  26  3:18  Barracks Tech Lab  
  27  3:22  Engineering Bay  
  27  3:23  Marine x2  
  27  3:26  SCV  
  30  3:28  Orbital Command  
  30  3:39  SCV  
  30  3:40  Orbital Command  
  31  3:42  Marine x3, Stimpack  
  34  3:53  Factory Reactor  
  34  3:56  Starport  
  34  3:57  SCV  
  35  4:08  SCV  
  36  4:12  Marine x3  
  39  4:25  SCV  
  39  4:26  SCV  
  39  4:27  Supply Depot  
  40  4:35  Marine x3  
  43  4:41  Supply Depot  
  43  4:45  SCV x2, Factory Tech Lab  
  45  4:51  Medivac x2  
  49  4:56  Marine x3  
  51  5:03  SCV x2  
  53  5:07  Siege Tank  
  53  5:09  Liberator  
  53  5:14  Supply Depot  
  56  5:18  SCV x2  
  58  5:21  Supply Depot  
  61  5:36  Terran Infantry Weapons Level 1  
  61  5:38  SCV  
  61  5:39  SCV  
  61  5:42  Combat Shields  
  63  5:50  SCV  
  63  5:51  Refinery, SCV  
  63  5:53  Refinery  
  63  5:56  Supply Depot  
  65  6:03  Marine x3  
  67  6:05  SCV x2  
  67  6:08  Supply Depot  
  69  6:15  Liberator x2  
  69  6:21  Marine x3  
  72  6:31  SCV  
  72  6:32  SCV  
  77  6:33  Widow Mine  
  81  6:47  SCV x2  
  81  6:53  Command Center  
  73  7:07  Marine x2  
  73  7:08  Siege Tank, Marauder  
  80  7:12  Barracks  
  80  7:32  Marine x2, Marauder  
  80  7:33  SCV x2  
  86  7:37  Engineering Bay  
  86  7:38  Supply Depot  
  86  7:40  Armory  
  85  7:51  Liberator x2  
  85  7:58  Marine x3  
  72  7:59  Siege Tank  
  66  8:16  Marine x2  
  66  8:17  Marauder  
  58  8:34  Marine x2, Command Center  
  55  8:38  Marauder  
  40  8:51  Marine  
  40  8:52  Marine  
  40  8:59  Marine  
Tags
 
Composition
MMM Bio
Matchup
PvT
Add a new tag
Caveats
  • Supply blocks, unpowered buildings, or Contaminate may cause inaccurate times.
  • Supply counts are checked every 10 seconds.